 Dungeon Crawl Stone Soup version 0.26.0-10-g1f06aea511 (webtiles) character file.

Game seed: 5035702283473525918

322603 Borgoz the Fencer (level 21, -5/188 HPs)
             Began as a Ghoul Gladiator on Jan 30, 2021.
             Was the Champion of Dithmenos.
             Slain by a vault guard
             ... wielding a +1 great sword of flaming
              (6 damage)
             ... while paralysed by a sphinx
             ... on level 4 of the Vaults.
             The game lasted 02:12:08 (58416 turns).

Borgoz the Fencer (Ghoul Gladiator)                Turns: 58416, Time: 02:12:09

Health: -5/188     AC: 27    Str: 29    XL:     21   Next: 55%
Magic:  0/27       EV:  2    Int: 10    God:    Dithmenos [******]
Gold:   1433       SH:  0    Dex: 26    Spells: 24/30 levels left

rFire    + + +     SeeInvis .   a - +9 double sword (freeze)
rCold    + + +     Faith    .   S - +3 kite shield of Classification {Dex+3 Stlth+}
rNeg     + + +     Spirit   +   L - +2 chain mail "Taload" {Regen+ Int-3 Slay+3}
rPois    ∞         Reflect  .   R - +2 helmet {Int+3}
rElec    .         Harm     .   q - scarf {rC+ rF+}
rCorr    .         Rampage  .   y - +2 pair of gloves {Dex+3}
Will     +....                  F - +2 pair of boots
Stlth    +++++.....             j - amulet "Sing" {Spirit Fragile rN++}
HPRegen  0.00/turn              H - ring of Cooxanux {rF+ Str+2 Int+7 Stlth+}
MPRegen  0.20/turn              E - ring "Ziobys" {rF+ rC+ Str+6 Dex+3}

@: paralysed, marked, wreathed by umbra, studying Hexes
A: claws 1, cold resistance 1, negative energy resistance 3, inhibited
regeneration, torment resistance, unbreathing
}: 2/15 runes: serpentine, barnacled
a: Renounce Religion, Shadow Step, Shadow Form


You were on level 4 of the Vaults.
You worshipped Dithmenos.
Dithmenos was exalted by your worship.
You visited 7 branches of the dungeon, and saw 36 of its levels.
You also visited: Gauntlet, Ice Cave and Wizlab.

You collected 5021 gold pieces.
You spent 3588 gold pieces at shops.

Inventory:

Hand Weapons
 a - a +9 double sword of freezing (weapon)
 b - a +2 great sword of flaming
 c - the +9 long sword of Arrival {flame, *Rage Int+3}
   (You found it on level 15 of the Dungeon)

   It has been specially enchanted to burn those struck by it, causing extra
   injury to most foes and up to half again as much damage against particularly
   susceptible opponents.
   Big, fiery blades are also staple armaments of hydra-hunters.
   It affects your intelligence (+3).
   It may make you go berserk in combat.
 t - the +8 quick blade "Xososeg Miem" {holy, Str+4}
   (You found it in a wizard's laboratory)

   It has been blessed by the Shining One to cause great damage to the undead
   and demons.
   It affects your strength (+4).
 x - the cursed +0 quick blade "Cubriw" {vorpal, Str+9}
   (You found it in a wizard's laboratory)

   It inflicts extra damage upon your enemies.
   It affects your strength (+9).
   It has a curse placed upon it.
 O - a +3 great sword
 V - a +1 great sword of electrocution
Missiles
 I - 8 throwing nets (quivered)
Armour
 d - the +3 robe of Clouds {+Thunder rCloud rElec}
   (You took it off a Cloud Mage in a wizard's laboratory)

   It insulates you from electricity.
 q - a scarf of resistance (worn)
 u - the +4 kite shield of Courage {-Cast rElec rN+++ MP+9}
   (You took it off a minotaur in a Gauntlet)

   It insulates you from electricity.
   It renders you almost immune to negative energy.
   It affects your magic capacity (+9).
   It prevents spellcasting.
 y - a +2 pair of gloves of dexterity (worn)
 B - the +8 plate armour "Joelag" {rF+ rC+++ rCorr Str-4}
   (You found it in an ice cave)

   It affects your strength (-4).
   It protects you from fire.
   It renders you almost immune to cold.
   It provides partial protection from all sources of acid and corrosion.
 D - the +4 Cigotuvi's embrace {rMiasma *Drain rN+}
   (You found it in a wizard's laboratory)

   It protects you from negative energy.
   It causes draining when unequipped.
 F - a +2 pair of boots (worn)
 L - the +2 chain mail "Taload" (worn) {Regen+ Int-3 Slay+3}
   (You found it on level 1 of the Lair of Beasts)

   It affects your intelligence (-3).
   It affects your accuracy and damage with ranged weapons and melee attacks
   (+3).
   It increases your rate of regeneration.
 N - a scarf of repulsion
 P - the +3 chain mail of Saeten {Rampage rC- Int+8 Dex-2}
   (You found it on level 2 of the Vaults)

   It affects your intelligence (+8).
   It affects your dexterity (-2).
   It makes you vulnerable to cold.
   It bestows one free step when moving towards enemies.
 R - a +2 helmet of intelligence (worn)
 S - the +3 kite shield of Classification (worn) {Dex+3 Stlth+}
   (You took it off Donald on level 2 of the Orcish Mines)

   It affects your dexterity (+3).
   It makes you more stealthy.
Jewellery
 j - the amulet "Sing" (around neck) {Spirit Fragile rN++}
   (You took it off an orc wizard on level 13 of the Dungeon)

   [amulet of guardian spirit]

   It causes incoming damage to be split between your health and magic.
   It greatly protects you from negative energy.
   It will be destroyed if unequipped.
 l - an uncursed ring of see invisible
 m - the ring of Ucad {rElec rPois Dex+6}
   (You bought it in a shop on level 4 of the Snake Pit)

   [ring of dexterity]

   It affects your dexterity (+6).
   It insulates you from electricity.
   It protects you from poison.
 E - the ring "Ziobys" (right hand) {rF+ rC+ Str+6 Dex+3}
   (You found it in a Gauntlet)

   [ring of strength]

   It affects your strength (+6).
   It affects your dexterity (+3).
   It protects you from fire.
   It protects you from cold.
 G - a +4 ring of protection
 H - the ring of Cooxanux (left hand) {rF+ Str+2 Int+7 Stlth+}
   (You found it on level 13 of the Dungeon)

   [ring of stealth]

   It affects your strength (+2).
   It affects your intelligence (+7).
   It protects you from fire.
   It makes you more stealthy.
Wands
 g - a wand of flame (66)
 h - a wand of iceblast (46)
 p - a wand of acid (5)
 K - a wand of digging (17)
 M - a wand of disintegration (15)
 Q - a wand of paralysis (8)
Scrolls
 e - 5 scrolls of fear
 f - 12 scrolls of teleportation
 i - 6 scrolls of fog
 k - 14 scrolls of remove curse
 r - 4 scrolls of enchant weapon
 v - 2 scrolls of enchant armour
 w - a scroll of summoning
 A - 8 scrolls of blinking
 J - 5 scrolls of magic mapping
 T - 2 scrolls of identify
Potions
 n - 2 potions of flight
 o - 2 potions of resistance
 s - 3 potions of cancellation
 C - 4 potions of curing
 U - 3 potions of haste
Books
 z - a manual of Hexes


   Skills:
 * Level 16.1 Fighting
 * Level 16.8 Long Blades
 - Level 1.7 Throwing
 * Level 16.7 Armour
 * Level 15.4 Dodging
 - Level 5.0 Stealth
 + Level 9.3 Shields
 - Level 5.0 Spellcasting
 - Level 5.0 Hexes
 + Level 9.4 Invocations
 - Level 5.0 Evocations


You had 24 spell levels left.
You knew the following spells:

 Your Spells              Type           Power        Failure   Level
a - Confusing Touch       Hex            12%          50%         3
b - Vampiric Draining     Necr           1%           99%         3

Your spell library contained the following spells:

 Spells                   Type           Power        Failure   Level
 Corona                   Hex            13%          19%         1
 Tukima's Dance           Hex            12%          50%         3
 Ensorcelled Hibernation  Hex/Ice        14%          61%         2
 Animate Skeleton         Necr           4%           82%         1
 Apportation              Tloc           4%           82%         1
 Foxfire                  Conj/Fire      8%           82%         1
 Pain                     Necr           8%           82%         1
 Sandblast                Erth           4%           82%         1
 Shock                    Conj/Air       8%           82%         1
 Sting                    Tmut/Pois      8%           82%         1
 Summon Small Mammal      Summ           8%           82%         1
 Dazzling Flash           Conj/Hex       14%          83%         3
 Portal Projectile        Hex/Tloc       14%          83%         3
 Cause Fear               Hex            6%           88%         4
 Corpse Rot               Necr/Air       N/A          91%         2
 Passwall                 Tmut/Erth      1%           91%         2
 Poisonous Vapours        Pois/Air       4%           91%         2
 Swiftness                Air            2%           91%         2
 Conjure Flame            Conj/Fire      2%           99%         3
 Gell's Gravitas          Tloc           1%           99%         3
 Ignite Poison            Fire/Tmut/Pois 2%           99%         3
 Mephitic Cloud           Conj/Pois/Air  2%           99%         3
 Static Discharge         Conj/Air       2%           99%         3
 Stone Arrow              Conj/Erth      4%           99%         3
 Airstrike                Air            1%           100%        4
 Animate Dead             Necr           1%           100%        4
 Olgreb's Toxic Radiance  Pois           2%           100%        4
 Passage of Golubria      Tloc           N/A          100%        4
 Petrify                  Tmut/Erth      2%           100%        4
 Summon Ice Beast         Ice/Summ       2%           100%        4
 Summon Lightning Spire   Summ/Air       2%           100%        4
 Agony                    Necr           2%           100%        5
 Fireball                 Conj/Fire      1%           100%        5
 Irradiate                Conj/Tmut      1%           100%        5
 Lee's Rapid Deconstruct  Erth           1%           100%        5
 Lightning Bolt           Conj/Air       1%           100%        5
 Metabolic Englaciation   Hex/Ice        3%           100%        5
 Silence                  Hex/Air        3%           100%        5
 Summon Forest            Summ/Tloc      1%           100%        5
 Conjure Ball Lightning   Conj/Air       1%           100%        6
 Dispersal                Tloc           1%           100%        6
 Eringya's Noxious Bog    Tmut/Pois      1%           100%        6
 Freezing Cloud           Conj/Ice/Air   1%           100%        6
 Invisibility             Hex            12%          100%        6
 Starburst                Conj/Fire      1%           100%        6
 Summon Hydra             Summ           1%           100%        7
 Disjunction              Tloc           1%           100%        8
 Ignition                 Fire           1%           100%        8
 Dragon's Call            Summ           1%           100%        9
 Shatter                  Erth           1%           100%        9
 Tornado                  Air            1%           100%        9
 Beastly Appendage        Tmut           Unusable     N/A         1
 Sublimation of Blood     Necr           Unusable     N/A         2
 Wereblood                Tmut           Unusable     N/A         2
 Spider Form              Tmut/Pois      Unusable     N/A         3
 Ice Form                 Ice/Tmut       Unusable     N/A         4
 Blade Hands              Tmut           Unusable     N/A         5
 Hydra Form               Tmut           Unusable     N/A         6
 Statue Form              Tmut/Erth      Unusable     N/A         6
 Dragon Form              Tmut           Unusable     N/A         7

Dungeon Overview and Level Annotations

Branches:
Dungeon (15/15)            Temple (1/1) D:7            Lair (6/6) D:9
 Shoals (4/4) Lair:4        Snake (4/4) Lair:3        Slime (0/5) Lair:6
    Orc (2/2) D:12            Elf (0/3) Orc:2        Vaults (4/5) D:13
  Crypt (0/3) Vaults:2     Depths (0/5) D:15          IceCv (visited)
 WizLab (visited)         Gauntlet (visited)

Altars:
Ashenzari
Cheibriados
Dithmenos
Elyvilon
Fedhas
Gozag
Hepliaklqana
Kikubaaqudgha
Makhleb
Nemelex Xobeh
Okawaru
Qazlal
Ru
Sif Muna
Trog
Uskayaw
Vehumet
Wu Jian
Xom
Yredelemnul
Zin
The Shining One
Beogh
Jiyva

Shops:
D:7 =   D:14 (   Orc:1 ?   Orc:2 !:?[   Shoals:3 :   Snake:2 (((   Snake:4 =
Vaults:3 [

Annotations:
Shoals:3 Ilsuiw


Innate Abilities, Weirdness & Mutations

You thrive by killing the living.
You are immune to poison.
You have sharp fingernails.
Your flesh is cold resistant. (rC+)
You are immune to negative energy. (rN+++)
You do not regenerate when monsters are visible.
You are immune to unholy pain and torment.
You can survive without breathing.


Message History

The titan hits you but does no damage.
The orc knight roars a battlecry!
The orc knight goes into a battle-frenzy!
The wolf spider hits you but does no damage.
The wolf spider bites you but does no damage.
The sphinx hits you.
* * * LOW HITPOINT WARNING * * *
The sphinx hits you but does no damage. x2
The orc priest calls upon Beogh to heal the orc knight.
The orc knight's wounds heal themselves!
The vault guard hits you but does no damage.
The orc warrior hits you from afar with a +0 glaive!
* * * LOW HITPOINT WARNING * * *
You emit a cloud of dark smoke.
The ironheart preserver hits you but does no damage.
The wolf spider hits you.
* * * LOW HITPOINT WARNING * * *
The wolf spider bites you but does no damage.
The vault guard hits you with a +1 great sword of flaming.
You die...

...........#..#
...........#..#
...........#..#
######'#####..#
.........(....#
..............#
........)(((((#########.
.........()..°§p§§......
..............op@Hc.....
######........opsC§.....
#.......ooop§§.....
#.......o§§........
#.......§..........
#......o...........
.................
.............###
#...######s###


You could see an ironheart preserver (very poisoned), a titan, a sphinx, 2 vault
guards, an orc knight (strong, sheltered), a wolf spider (sheltered), a vault
sentinel (sheltered, catching breath), a yaktaur, an orc warrior (strong,
sheltered) and 2 orc priests.

Vanquished Creatures
  Mennas (Vaults:3)
  Boris (Vaults:3)
  Nikola (Shoals:4)
  Jory (Vaults:3)
  A tentacled monstrosity (Vaults:2)
  A Cloud Mage (WizLab)
  Rupert (Orc:1)
  A kraken (Shoals:4)
  2 tengu reavers (Vaults:2)
  Roxanne (Shoals:4)
  Donald (Orc:2)
  8 nagarajas (Snake:4)
  3 frost giants
  7 vault wardens
  Louise (Shoals:4)
  A deep elf sorcerer (Vaults:3)
  7 ironheart preservers
  2 very ugly things
  The ghost of rnawigator the Black Belt, a journeyman MfTm of Wu Jian (D:15)
  4 stone giants
  The ghost of Turgon the Severer, a journeyman DDWn of Makhleb (D:13)
  A deep elf demonologist (Vaults:4)
  A deep elf annihilator (Vaults:4)
  A dire elephant (D:15)
  An entropy weaver (Vaults:3)
  A spark wasp (WizLab)
  A minotaur (Gauntlet)
  The ghost of Megustar the Cleaver, a journeyman GrBe of Trog (D:15)
  A deep elf death mage (Vaults:3)
  2 ettins
  6 merfolk javelineers
  7 merfolk impalers
  3 fire dragons
  The ghost of p0werm0de the Cleaver, a journeyman DDFi of Makhleb (D:12)
  4 blizzard demons (WizLab)
  4 yaktaur captains
  A great orb of eyes (Vaults:3)
  13 hydras
  3 ghost crabs (WizLab)
  2 vault guards (Vaults:4)
  Fannar (D:12)
  20 naga warriors
  3 spriggan air magi (WizLab)
  6 boulder beetles
  A merfolk avatar (Shoals:2)
  4 ice dragons
  7 anacondas
  2 alligator snapping turtles
  4 satyrs
  7 centaur warriors
  13 ogre magi
  A catoblepas (Lair:2)
  45 two-headed ogres
  9 merfolk aquamancers
  A death yak (IceCv)
  7 shock serpents
  11 naga sharpshooters
  The ghost of Domino the Cleaver, a novice MiBe of Trog (D:7)
  2 deep elf knights (Vaults:3)
  Urug (Lair:2)
  A shadow wraith (Vaults:2)
  2 death drakes (WizLab)
  5 skeletal warriors
  11 sea snakes
  3 unseen horrors
  6 naga ritualists
  A swamp dragon (shapeshifter) (Vaults:4)
  3 glowing orange brains (Vaults:3)
  A lindwurm (shapeshifter) (Gauntlet)
  An obsidian statue (Gauntlet)
  2 necromancers
  7 ironbrand convokers
  A lindwurm (Lair:6)
  3 deep elf archers
  3 wizards
  The ghost of arta456 the Thaumaturge, a novice DECj of Ru (Lair:1)
  7 orc sorcerers
  13 orc knights
  A wolf spider zombie (D:14)
  17 harpies
  8 mana vipers
  12 deep elf magi
  17 ugly things
  9 cyclopes
  6 salamanders
  3 wolf spiders
  15 manticores
  10 fauns (Shoals:3)
  An oklob plant (D:11)
  34 black mambas
  16 merfolk sirens
  21 naga magi
  An ice statue (IceCv)
  8 water nymphs
  A frost giant skeleton (Vaults:3)
  14 cane toads
  A centaur zombie (D:12)
  7 elephants
  2 molten gargoyles (Lair:6)
  5 vault sentinels
  4 gargoyles
  Maurice (D:9)
  3 apocalypse crabs (WizLab)
  2 cane toads (shapeshifter)
  15 komodo dragons
  3 rime drakes
  A kobold demonologist (D:15)
  A redback zombie (D:13)
  38 yaktaurs
  An efreet (D:15)
  A yaktaur skeleton (Vaults:3)
  3 freezing wraiths
  A human skeleton (Vaults:3)
  31 merfolk
  5 harpy zombies (Shoals:3)
  A large abomination (Gauntlet)
  6 trolls
  A troll (shapeshifter) (Gauntlet)
  21 polar bears
  2 hornets
  5 wind drakes
  4 dream sheep (Shoals:4)
  2 stone giant simulacra (Vaults:1)
  8 blink frogs
  17 slime creatures
  8 snapping turtles
  A shadow (D:12)
  14 air elementals (WizLab)
  A tarantella (shapeshifter) (Vaults:3)
  7 wyverns
  12 water elementals
  45 yaks
  4 wraiths
  12 vampire mosquitoes
  7 basilisks
  A steam dragon (Lair:6)
  A swamp worm (shapeshifter) (Vaults:4)
  50 nagas
  7 wargs
  3 acid dragons
  14 water moccasins
  2 sky beasts
  30 orc warriors
  3 hell hounds (Lair:6)
  6 ice beasts
  7 phantoms
  8 black bears
  7 centaurs
  A manticore zombie (Shoals:3)
  49 ogres
  A boggart (Vaults:2)
  35 wolves
  2 big kobolds
  6 small abominations (Gauntlet)
  14 bullfrogs
  A gnoll sergeant (D:8)
  2 wyvern skeletons (D:13)
  A water moccasin zombie (D:6)
  3 scorpions
  A hornet simulacrum (D:15)
  15 killer bees
  4 electric eels
  13 wights
  5 howler monkeys
  6 lava snakes (Lair:6)
  A quasit (D:9)
  15 hounds
  4 jellies
  23 orc priests
  4 bullfrog skeletons
  5 centaur skeletons
  A gnoll shaman (D:9)
  Ijyb (D:5)
  8 iguanas
  5 worker ants
  Natasha (thrice) (D:3)
  26 orc wizards
  4 hound skeletons
  11 gnolls
  A howler monkey skeleton (D:7)
  22 adders
  2 shadow imps
  A white imp (D:7)
  An ufetubus (D:5)
  2 oozes
  An adder skeleton (D:8)
  A worm (D:2)
  4 dart slugs
  3 leopard geckos
  121 orcs
  11 bats
  3 bat zombies (D:8)
  8 giant cockroaches
  11 goblins
  11 hobgoblins
  2 jackals (D:1)
  3 quokkas
  A ball python (D:3)
  6 frilled lizards
  15 kobolds
  A quokka skeleton (D:8)
  12 rats
  2 rat zombies (D:8)
  11 bushes
  3 tentacles (Shoals:4)
1483 creatures vanquished.

Vanquished Creatures (collateral kills)
  A skeletal warrior (D:14)
1 creature vanquished.

Vanquished Creatures (others)
  A spark wasp (WizLab)
  A blizzard demon (WizLab)
  2 ghost crabs (WizLab)
  2 spriggan air magi (WizLab)
  A shadow wraith (Vaults:4)
  An unseen horror (Vaults:1)
  A naga mage (Snake:4)
  An apocalypse crab (WizLab)
  A merfolk (Shoals:4)
  A wind drake (WizLab)
  3 dream sheep (Shoals:4)
  An ogre (Vaults:2)
  A wolf (IceCv)
  An orc (Vaults:1)
  31 fungi
  80 plants
  10 tentacles (Shoals:4)
  9 toadstools (D:11)
  9 withered plants
157 creatures vanquished.

Grand Total: 1641 creatures vanquished

Notes
Turn   | Place    | Note
-------+----------+-------------------------------------------
     0 | D:1      | Borgoz the Ghoul Gladiator began the quest for the Orb.
     0 | D:1      | Reached XP level 1. HP: 17/17 MP: 0/0
   121 | D:1      | Reached XP level 2. HP: 23/24 MP: 1/1
   533 | D:1      | Reached skill level 1 in Armour
   697 | D:1      | Reached XP level 3. HP: 29/30 MP: 2/2
  1838 | D:2      | Reached XP level 4. HP: 35/37 MP: 3/3
  2201 | D:2      | Reached XP level 5. HP: 40/45 MP: 4/4
  2538 | D:3      | Noticed Natasha
  2546 | D:3      | Killed Natasha
  2746 | D:3      | Reached XP level 6. HP: 46/51 MP: 5/5
  2768 | D:3      | Noticed Natasha
  2774 | D:3      | Killed Natasha
  2845 | D:3      | Found a burning altar of Makhleb.
  3031 | D:3      | Noticed Natasha
  3051 | D:3      | Killed Natasha
  4016 | D:4      | Noticed a black bear
  4025 | D:4      | Killed a black bear
  4026 | D:4      | Reached XP level 7. HP: 48/58 MP: 6/6
  4086 | D:4      | Found a hide-covered altar of Uskayaw.
  4089 | D:4      | Noticed a +0 hand axe
  4089 | D:4      | Noticed a +0 dagger
  4415 | D:4      | Reached skill level 5 in Long Blades
  4698 | D:5      | Entered Level 5 of the Dungeon
  4774 | D:5      | Reached XP level 8. HP: 66/66 MP: 7/7
  4904 | D:5      | Noticed Ijyb
  4910 | D:5      | Paralysed by Ijyb for 7 turns
  4923 | D:5      | Killed Ijyb
  4925 | D:5      | Reached skill level 1 in Shields
  5009 | D:5      | Found an ancient bone altar of Kikubaaqudgha.
  5040 | D:5      | Reached skill level 1 in Stealth
  5229 | D:5      | Found a sparkling altar of Nemelex Xobeh.
  5236 | D:5      | Found a stormy altar of Qazlal.
  5238 | D:5      | Found a snail-covered altar of Cheibriados.
  5365 | D:5      | Reached skill level 5 in Armour
  5841 | D:6      | Reached skill level 5 in Fighting
  5844 | D:6      | Reached XP level 9. HP: 67/74 MP: 8/8
  6221 | D:6      | Found a bloodstained altar of Trog.
  6519 | D:7      | Found Desy's Jewellery Boutique.
  6523 | D:7      | Bought an uncursed ring of see invisible for 210 gold
                  | pieces
  6562 | D:7      | Found a staircase to the Ecumenical Temple.
  6587 | Temple   | Entered the Ecumenical Temple
  6609 | Temple   | Became a worshipper of Dithmenos the Shadowed
  6677 | D:7      | Found a transporter.
  6679 | D:7      | Found a transporter.
  6679 | D:7      | Noticed Domino's ghost (novice MiBe)
  6680 | D:7      | Noticed a four-headed hydra
  6680 | D:7      | Noticed a cyclops
  6690 | D:7      | Reached skill level 5 in Dodging
  7390 | D:7      | Reached * piety under Dithmenos
  7679 | D:7      | Found a glowing golden altar of the Shining One.
  7766 | D:8      | Noticed a hornet
  7767 | D:8      | Noticed a gargoyle
  7780 | D:8      | HP: 1/75 [hornet (5)]
  7785 | D:7      | Killed a hornet
  7786 | D:7      | Reached XP level 10. HP: 13/83 MP: 9/9
  8533 | D:8      | Found an ancient bone altar of Kikubaaqudgha.
  8971 | D:7      | Killed a gargoyle
  9277 | D:8      | Reached skill level 1 in Evocations
  9461 | D:8      | Reached ** piety under Dithmenos
 10231 | D:9      | Noticed a cyclops
 10236 | D:9      | Noticed an elephant
 10440 | D:8      | Killed an elephant
 10563 | D:9      | Noticed Maurice
 10572 | D:9      | Killed a cyclops
 10573 | D:9      | Reached skill level 5 in Stealth
 10593 | D:9      | Killed Maurice
 10611 | D:9      | Found a staircase to the Lair.
 10630 | D:9      | Noticed a gargoyle
 10726 | D:9      | Killed a gargoyle
 10923 | D:9      | Reached XP level 11. HP: 74/91 MP: 10/10
 11425 | D:10     | Entered Level 10 of the Dungeon
 11854 | D:10     | Reached *** piety under Dithmenos
 12049 | D:10     | Noticed a two-headed ogre
 12058 | D:10     | Killed a two-headed ogre
 12542 | D:11     | Noticed a manticore
 12559 | D:11     | Killed a manticore
 12945 | D:11     | Noticed a six-headed hydra
 12953 | D:11     | Killed a six-headed hydra
 13105 | D:11     | Found a blossoming altar of Fedhas.
 13117 | D:11     | Noticed an oklob plant
 13469 | D:11     | Killed an oklob plant
 13602 | D:11     | Noticed a purple ugly thing
 13618 | D:11     | Killed a purple ugly thing
 14763 | D:12     | Noticed a manticore
 15197 | D:12     | Reached XP level 12. HP: 85/101 MP: 11/11
 15536 | D:12     | Reached **** piety under Dithmenos
 15645 | D:12     | Found an ancient bone altar of Kikubaaqudgha.
 15811 | D:12     | Reached skill level 1 in Invocations
 15901 | D:12     | Found a staircase to the Orcish Mines.
 16000 | D:12     | Found a roughly hewn altar of Beogh.
 16065 | D:12     | Noticed a two-headed ogre
 16083 | D:12     | Killed a two-headed ogre
 16526 | D:12     | Reached ***** piety under Dithmenos
 16531 | D:12     | Noticed Fannar
 16550 | D:12     | Killed Fannar
 16551 | D:12     | Reached skill level 10 in Long Blades
 17618 | D:7      | Killed a four-headed hydra
 17760 | D:7      | Killed Domino's ghost
 18205 | D:13     | Noticed a centaur warrior
 18208 | D:13     | Noticed a two-headed ogre
 18311 | D:13     | Killed a centaur warrior
 18312 | D:13     | Reached skill level 5 in Evocations
 18332 | D:13     | Reached skill level 10 in Armour
 18332 | D:13     | Reached XP level 13. HP: 40/108 MP: 14/14
 18393 | D:13     | Found a runed translucent gate.
 18394 | D:13     | Noticed Turgon's ghost (journeyman DDWn)
 18407 | D:13     | Identified the amulet "Sing" {Spirit Fragile rN++}
 18450 | D:13     | Identified Sif Muna's Papyrus of Fiery Envenoming
 18500 | D:13     | Found a frozen archway.
 18521 | IceCv    | Entered an ice cave
 19690 | IceCv    | Reached ****** piety under Dithmenos
 19696 | IceCv    | Reached skill level 10 in Dodging
 20047 | IceCv    | Noticed a frost giant
 20428 | IceCv    | Killed a frost giant
 20490 | IceCv    | Got a jewelled plate armour
 20495 | IceCv    | Identified the +8 plate armour "Joelag" {rF+ rC+++ rCorr
                  | Str-4} (You found it in an ice cave)
 21600 | D:13     | Reached skill level 5 in Invocations
 21691 | D:13     | Found a gate to the Vaults.
 22018 | D:13     | Found a runed translucent gate.
 22018 | D:13     | Found a runed translucent gate.
 22019 | D:13     | Noticed p0werm0de's ghost (journeyman DDFi)
 22264 | D:14     | Reached XP level 14. HP: 102/118 MP: 13/16
 22264 | D:14     | Found Suwnuesme's Weapon Boutique.
 23608 | D:7      | Bought the ring of Yfest {*Corrode Str+6 Dex+4 Stlth+} for
                  | 995 gold pieces
 23874 | D:12     | Killed p0werm0de's ghost
 24540 | D:15     | Entered Level 15 of the Dungeon
 24552 | D:15     | Reached skill level 10 in Fighting
 24853 | D:15     | Found a gate leading to a gauntlet.
 24874 | Gauntlet | Entered a Gauntlet
 24874 | Gauntlet | Found a large runed translucent door.
 24874 | Gauntlet | Found a large runed translucent door.
 24874 | Gauntlet | Found a large runed translucent door.
 24874 | Gauntlet | Found a large runed translucent door.
 24874 | Gauntlet | Found a large runed translucent door.
 24874 | Gauntlet | Found a large runed translucent door.
 24874 | Gauntlet | Found a large runed translucent door.
 24874 | Gauntlet | Found a large runed translucent door.
 24874 | Gauntlet | Found a runed translucent door.
 24874 | Gauntlet | Found a runed translucent gate.
 24874 | Gauntlet | Found a transporter.
 24874 | Gauntlet | Found a transporter.
 24874 | Gauntlet | Found a runed translucent gate.
 24874 | Gauntlet | Found a transporter.
 25000 | Gauntlet | Found a transporter.
 25000 | Gauntlet | Found a transporter.
 25000 | Gauntlet | Found a transporter.
 25011 | Gauntlet | Found a transporter.
 25017 | Gauntlet | Found a transporter.
 25017 | Gauntlet | Found a transporter.
 25018 | Gauntlet | Found a transporter.
 25031 | Gauntlet | Found the +8 whip "Snakebite" {curare, rPois}
 25037 | Gauntlet | Found a transporter.
 25038 | Gauntlet | Found a transporter.
 25125 | Gauntlet | Found a runed translucent door.
 25126 | Gauntlet | Found a large runed translucent door.
 25126 | Gauntlet | Found a large runed translucent door.
 25126 | Gauntlet | Found a large runed translucent door.
 25126 | Gauntlet | Found a large runed translucent door.
 25127 | Gauntlet | Found a large runed translucent door.
 25127 | Gauntlet | Found a large runed translucent door.
 25128 | Gauntlet | Found a large runed translucent door.
 25128 | Gauntlet | Found a large runed translucent door.
 25137 | Gauntlet | Found a runed translucent gate.
 25610 | Gauntlet | Got a smoking bone ring
 25626 | Gauntlet | Identified the ring "Ziobys" {rF+ rC+ Str+6 Dex+3} (You
                  | found it in a Gauntlet)
 25767 | Gauntlet | Identified the +4 kite shield of Courage {-Cast rElec rN+++
                  | MP+9}
 26061 | D:15     | Found a runed translucent gate.
 26062 | D:15     | Found a runed translucent gate.
 26073 | D:15     | Found a runed translucent gate.
 26169 | D:15     | Noticed Megustar's ghost (journeyman GrBe)
 26169 | D:15     | Noticed rnawigator's ghost (journeyman MfTm)
 26226 | D:15     | Found a staircase to the Depths.
 26226 | D:15     | Noticed a dire elephant
 26283 | D:15     | Killed a dire elephant
 27190 | D:15     | Got a shimmering long sword
 27192 | D:15     | Identified the +9 long sword of Arrival {flame, *Rage
                  | Int+3} (You found it on level 15 of the Dungeon)
 27315 | D:15     | Reached XP level 15. HP: 128/128 MP: 17/17
 27684 | D:13     | Got a scintillating lapis lazuli ring
 27686 | D:13     | Identified the ring of Cooxanux {rF+ Str+2 Int+7 Stlth+}
                  | (You found it on level 13 of the Dungeon)
 27928 | D:13     | Killed Turgon's ghost
 28207 | D:15     | Killed Megustar's ghost
 28606 | Lair:1   | Entered Level 1 of the Lair of Beasts
 29061 | Lair:1   | Found a runed translucent door.
 29061 | Lair:1   | Noticed arta456's ghost (novice DECj)
 29323 | Lair:1   | Killed arta456's ghost
 29456 | Lair:2   | Noticed Urug
 29476 | Lair:2   | Killed Urug
 30599 | Lair:3   | Found a staircase to the Snake Pit.
 30676 | Lair:1   | Got a smoking chain mail
 30687 | Lair:1   | Identified the +2 chain mail "Taload" {Regen+ Int-3 Slay+3}
                  | (You found it on level 1 of the Lair of Beasts)
 31549 | Lair:4   | Found a staircase to the Shoals.
 31560 | Lair:4   | Reached skill level 5 in Shields
 32362 | Lair:5   | You fall into a shaft and drop 1 floor!
 32362 | Lair:6   | Entered Level 6 of the Lair of Beasts
 32811 | Lair:6   | Found a viscous altar of Jiyva.
 32812 | Lair:6   | Found a staircase to the Slime Pits.
 33131 | Lair:6   | Reached XP level 16. HP: 125/138 MP: 18/18
 33204 | Lair:6   | Found a large runed translucent door.
 33215 | Lair:6   | Found a large runed translucent door.
 34284 | D:15     | Killed rnawigator's ghost
 34403 | Orc:1    | Entered Level 1 of the Orcish Mines
 34403 | Orc:1    | Found Qoemu's Magic Scroll Shop.
 34418 | Orc:1    | Bought a scroll of identify for 30 gold pieces
 34418 | Orc:1    | Bought a scroll of identify for 30 gold pieces
 34451 | Orc:1    | Paralysed by an orc sorcerer for 3 turns
 34808 | Orc:2    | Entered Level 2 of the Orcish Mines
 34879 | Orc:2    | Identified the +3 kite shield of Classification {Dex+3
                  | Stlth+}
 34879 | Orc:2    | Noticed Donald
 34879 | Orc:2    | Paralysed by an orc sorcerer for 3 turns
 34895 | Orc:2    | Killed Donald
 35021 | Orc:2    | Noticed Rupert
 35023 | Orc:2    | Found a roughly hewn altar of Beogh.
 35024 | Orc:2    | Paralysed by Rupert for 6 turns
 35057 | Orc:1    | Killed Rupert
 35209 | Orc:2    | Found a staircase to the Elven Halls.
 35302 | Orc:2    | Found Ohim's Armour Shop.
 35302 | Orc:2    | Found Kyodaucw's Magic Scroll Emporium.
 35303 | Orc:2    | Found Munapn's Book Emporium.
 35303 | Orc:2    | Found Hyud's Distillery.
 35493 | Orc:2    | Bought a scroll of magic mapping for 42 gold pieces
 35493 | Orc:2    | Bought a scroll of identify for 24 gold pieces
 35493 | Orc:2    | Bought a scroll of teleportation for 36 gold pieces
 35877 | Orc:2    | Bought a book of Maledictions for 275 gold pieces
 35881 | Orc:2    | Learned a level 3 spell: Confusing Touch
 35905 | Orc:2    | Bought a potion of might for 52 gold pieces
 35905 | Orc:2    | Bought a potion of heal wounds for 65 gold pieces
 35905 | Orc:2    | Bought a potion of haste for 130 gold pieces
 35905 | Orc:2    | Bought a potion of curing for 39 gold pieces
 36132 | Shoals:1 | Entered Level 1 of the Shoals
 37082 | Orc:1    | Bought a scroll of torment for 112 gold pieces
 37082 | Orc:1    | Bought a scroll of blinking for 112 gold pieces
 37082 | Orc:1    | Bought a scroll of teleportation for 45 gold pieces
 37082 | Orc:1    | Bought a scroll of fear for 52 gold pieces
 37388 | Shoals:2 | Reached skill level 1 in Spellcasting
 37397 | Shoals:2 | Reached skill level 1 in Hexes
 37702 | Shoals:2 | Identified the Compendium of Transmigration
 38044 | Shoals:2 | Identified a scroll of acquirement
 38045 | Shoals:2 | Acquired 481 gold pieces
 38207 | Shoals:3 | Found Nablomy's Book Shoppe.
 38207 | Shoals:3 | Noticed Ilsuiw
 38224 | Shoals:3 | Reached XP level 17. HP: 120/146 MP: 19/19
 39615 | Shoals:4 | Entered Level 4 of the Shoals
 39723 | Shoals:4 | Noticed Louise
 39745 | Shoals:4 | Killed Louise
 39924 | Shoals:4 | Got a steaming amber ring
 39972 | Shoals:4 | Identified the ring of Xiomekk {MP+9 Slay+2} (You found it
                  | on level 4 of the Shoals)
 39973 | Shoals:4 | Acquired a +2 double sword of freezing
 40018 | Shoals:4 | Identified Roxanne's Grimoire of Transmutation
 40018 | Shoals:4 | Noticed Roxanne
 40066 | Shoals:4 | Killed Roxanne
 40257 | Shoals:4 | Noticed Nikola
 40270 | Shoals:4 | Killed Nikola
 40891 | Shoals:4 | Noticed a kraken
 41418 | Shoals:4 | Got a barnacled rune of Zot
 41617 | Shoals:4 | Killed a kraken
 41885 | Shoals:4 | Identified Plog's Compendium of Evil Magic and Snow
 42361 | Shoals:4 | Reached XP level 18. HP: 55/157 MP: 3/22
 42744 | Shoals:4 | Reached skill level 15 in Long Blades
 43186 | Snake:1  | Entered Level 1 of the Snake Pit
 43947 | Snake:1  | You fall into a shaft and drop 1 floor!
 43998 | Snake:2  | Found Dusuv's Antique Weapon Boutique.
 44000 | Snake:2  | Found Arghotisi's Weapon Shop.
 44002 | Snake:2  | Found Guatae's Antique Weapon Boutique.
 45577 | Snake:3  | Reached skill level 15 in Armour
 46347 | Snake:4  | Entered Level 4 of the Snake Pit
 46780 | Snake:4  | Found Ydecleub's Jewellery Shop.
 47383 | Snake:4  | Learned a level 3 spell: Vampiric Draining
 47479 | Snake:4  | Reached XP level 19. HP: 159/166 MP: 25/25
 47880 | Snake:4  | Reached skill level 5 in Spellcasting
 48120 | Snake:4  | Got a serpentine rune of Zot
 48177 | Snake:4  | Reached skill level 5 in Hexes
 48225 | Snake:4  | Bought the ring of Ucad {rElec rPois Dex+6} for 1303 gold
                  | pieces
 49314 | Shoals:3 | Lost intelligence.
 51629 | Orc:2    | Bought a scroll of teleportation for 36 gold pieces
 51752 | Vaults:1 | Entered Level 1 of the Vaults
 51877 | Vaults:1 | Found a magical portal.
 51885 | WizLab   | Entered The Chambers of the Cloud Mage
 52271 | WizLab   | Paralysed by you for 2 turns
 52407 | WizLab   | Noticed Enoe
 52628 | WizLab   | Killed Enoe the Cloud Mage
 52804 | WizLab   | Found the +4 Cigotuvi's embrace {rMiasma *Drain rN+}
 52813 | WizLab   | Got a jewelled quick blade
 52815 | WizLab   | Got a steaming quick blade
 52824 | WizLab   | Identified the Compendium of Flight
 53010 | Vaults:1 | Identified the cursed +0 quick blade "Cubriw" {vorpal,
                  | Str+9} (You found it in a wizard's laboratory)
 53011 | Vaults:1 | Identified the +8 quick blade "Xososeg Miem" {holy, Str+4}
                  | (You found it in a wizard's laboratory)
 53743 | Vaults:1 | Reached XP level 20. HP: 176/176 MP: 26/26
 54509 | Vaults:2 | Reached skill level 15 in Fighting
 55062 | Vaults:2 | Got a steaming chain mail
 55097 | Vaults:2 | Identified the +3 chain mail of Saeten {Rampage rC- Int+8
                  | Dex-2} (You found it on level 2 of the Vaults)
 55283 | Vaults:2 | Found a staircase to the Crypt.
 55283 | Vaults:2 | Found an ancient bone altar of Kikubaaqudgha.
 55284 | Vaults:2 | Found a basalt altar of Yredelemnul.
 55780 | Vaults:3 | Found Laihitet's Antique Armour Shoppe.
 55780 | Vaults:3 | Noticed Boris
 55820 | Vaults:3 | Killed Boris
 55952 | Vaults:3 | Acquired a +1 helmet of intelligence
 56057 | Vaults:3 | Noticed Jory
 56071 | Vaults:3 | Killed Jory
 56615 | Vaults:3 | Reached skill level 15 in Dodging
 56663 | Vaults:3 | Reached XP level 21. HP: 144/187 MP: 25/27
 57257 | Vaults:3 | Noticed Mennas
 57561 | Vaults:3 | Killed Mennas
 57707 | Vaults:3 | Paralysed by a great orb of eyes for 6 turns
 58413 | Vaults:4 | Paralysed by a sphinx for 4 turns
 58416 | Vaults:4 | HP: 4/188 [orc warrior/+0 glaive[an orc knight] (13)]
 58416 | Vaults:4 | HP: 1/188 [wolf spider (3)]
 58416 | Vaults:4 | Slain by a vault guard

Illustrated notes

Levels and vault maps discovered:
D:1:      psy_arrival_heroes, layout_basic, serial_forest,
          infiniplex_forest_zigzag_2, infiniplex_forest_end_3,
          infiniplex_forest_clump_curved, infiniplex_forest_end_3,
          infiniplex_forest_end_double, infiniplex_forest_end_3,
          infiniplex_forest_clump_cross, roderic_roman_lattice,
          minmay_pentomino_q2
D:2:      layout_rooms, minmay_cupped
D:3:      layout_basic, bloody_makhleb, uniq_natasha
D:4:      minmay_general_purpose_star, layout_basic, dancing_weapons_uskayaw,
          kennysheep_nub
D:5:      layout_cave_pools, minitemple, minmay_misc_feat_enclosed,
          amcnicky_altar_gilded, uniq_ijyb
D:6:      layout_loops_ring, lemuel_doored_altar
D:7:      layout_gridville, nicolae_tso_swordbearing_angel,
          minmay_temple_entry_steel_oval, gammafunk_ghost_arena, serial_shops,
          shop, minmay_joined_circles
D:8:      layout_layer_cave, lemuel_zombie_altar_kikubaaqudgha
D:9:      layout_rooms, david_lair_generic, uniq_maurice
D:10:     layout_irregular_city, minmay_misc_feat_encased
D:11:     layout_roguey, tgw_fedhas
D:12:     layout_long_grid, erik_orc_4, special_room [special_room_orc],
          basic_altar, serial_co_window_serial, co_window_of_opportunity_a,
          co_window_paths_b, co_window_of_opportunity_a, co_window_paths_b,
          co_window_paths_a, co_window_corner_b, co_window_broadway_a,
          co_window_unsneaky_path_a, glass_columns_a, glass_columns_a,
          uniq_fannar
D:13:     layout_cave_pools, hangedman_vaults_entry_quadrant_bands,
          portal_ice_cave_entry_pillars_2, gammafunk_ghost_cemetery
D:14:     minmay_evil_eye, layout_cave_pods, serial_shops, shop,
          kennysheep_small_circle
D:15:     hangedman_depths_entry_try_elsewhere_first, layout_rooms,
          gammafunk_ghost_cemetery, gauntlet_entry_generic, nrook_loot_triangle,
          minmay_hollow_rounded_squares
Temple:   zaba_magenta_temple
Lair:1:   layout_gridlike, ebering_ghost_inner_flame, serial_bayou_shore_b,
          lemuel_fruit_fields, grunt_megastairs_1
Lair:2:   layout_misc_corridors, uniq_urug
Lair:3:   beast_lair_carwin_large_2, layout_loops_ring, dummy_snake_entry,
          grunt_megastairs_2
Lair:4:   layout_small_grid, elwin_shoals_entry_stream, pond,
          serial_bayou_shore_b, grunt_megastairs_5, lemuel_fruit_fields,
          infiniplex_staircase_pool_2
Lair:5:   layout_layer_cave, serial_bayou_crossing, uniq_josephine
Lair:6:   cheibrodos_lair_end_hotspot, layout_gridlike, slime_altar_1
Shoals:1: layout_shoals, nicolae_shoals_loop_pool
Shoals:2: layout_shoals
Shoals:3: layout_shoals, serial_shops, nicolae_shop_trees,
          nicolae_shoals_undead_eyrie, uniq_ilsuiw
Shoals:4: shoals_end_simple, layout_shoals, uniq_louise, uniq_roxanne,
          uniq_nikola
Snake:1:  layout_onion_interference, serial_bayou_shore_a
Snake:2:  layout_misc_corridors, grunt_megastairs_4, minmay_shop_star,
          lemuel_fruit_tree, serial_bayou_shore_b
Snake:3:  layout_gridlike
Snake:4:  snake_pit, layout_cave_town, serial_shops, shop, serial_bayou_pond_b,
          grunt_megastairs_3
Orc:1:    layout_caves, serial_shops, shop, nicolae_orc_sculptors_studio
Orc:2:    st_orc_ogre_mass, layout_diamond_mine, basic_altar, uniq_donald,
          uniq_rupert
Vaults:1: grunt_vaults_focal, hangedman_vaults_trim, hangedman_vaults_capsules,
          nicolae_vaults_asterisk, ontoclasm_vaults_ring_small,
          nicolae_vaults_three_branches, hangedman_vaults_slice,
          vaults_room_corners, layout_vaults_omnigrid, mu_enter_wizlab_6
Vaults:2: dpeg_vaults_waves, v_rooms_5, vaults_room_fancy_cross,
          minmay_crypt_entry_necro_gods, v_misc_12,
          nicolae_vaults_ninety_degrees, nicolae_vaults_specimen_jars,
          vaults_room_pool, grunt_vaults_twisty, ontoclasm_vaults_gateway,
          v_misc_12, ontoclasm_vaults_ligature, grunt_vaults_hallway_short,
          layout_vaults_omnibox
Vaults:3: nicolae_vaults_shelves_hall, ontoclasm_vaults_ring_small,
          v_alt_pattern_4, v_misc_14, v_misc_3, hangedman_vaults_impose,
          hangedman_vaults_unwind, vaults_room_ringed_pool, v_misc_2,
          nicolae_vaults_minivaults, layout_vaults_big_cross, serial_shops,
          shop, uniq_mennas, uniq_jory, uniq_boris
Vaults:4: hangedman_vaults_nails, vaults_room_guarded_vault,
          vaults_standard_mumra_enter_the_diamond, vaults_dpeg_encased_lava,
          nicolae_vaults_little_squares_6, nicolae_vaults_sealed_display,
          nicolae_vaults_theta, layout_vaults_chaotic_city

Skill      XL: |  1  2  3  4  5  6  7  8  9 10 11 12 13 14 15 16 17 18 19 20 21 |
---------------+----------------------------------------------------------------+-----
Long Blades    | 3 4 5 6 7 8 9 10 11 12 13 14 15 16 | 16.8
Armour         | 1 2 3 4 5 6 7 8 10 11 12 13 14 15 16 | 16.7
Dodging        | 3 4 5 7 8 9 10 11 12 13 14 15 | 15.4
Fighting       | 3 4 5 6 7 8 9 10 11 12 13 14 15 16 | 16.1
Shields        | 2 3 5 6 7 8 9 |  9.3
Stealth        | 2 4 5 |  5.0
Evocations     | 2 3 5 |  5.0
Invocations    | 3 5 6 7 8 9 |  9.4
Spellcasting   | 1 3 4 5 |  5.0
Hexes          | 1 3 4 5 |  5.0
Throwing       | |  1.7

Action                   |  1- 3 |  4- 6 |  7- 9 | 10-12 | 13-15 | 16-18 | 19-21 || total
-------------------------+-------+-------+-------+-------+-------+-------+-------++-------
Melee: Long sword        |   544 |   168 |       |       |   626 |   856 |       ||  2194
       Dagger            |       |    84 |       |       |       |       |       ||    84
       Rapier            |       |    12 |   358 |  1093 |    72 |       |       ||  1535
       Short sword       |       |       |       |   137 |       |       |       ||   137
       Scimitar          |       |       |       |       |   898 |       |       ||   898
       Great sword       |       |       |       |       |       |    44 |       ||    44
       Double sword      |       |       |       |       |       |   823 |  1198 ||  2021
Throw: Throwing net      |       |     3 |     1 |     7 |       |     1 |    12 ||    24
Evoke: Wand              |       |       |       |    14 |    29 |    20 |     3 ||    66
  Use: Scroll            |     3 |     2 |    12 |    11 |    21 |    31 |    11 ||    91
       Potion            |       |     7 |     1 |     7 |     9 |     6 |     9 ||    39
 Stab: Sleeping          |       |     2 |     7 |    14 |     5 |    18 |    13 ||    59
       Held in net/web   |       |       |     1 |     3 |       |     2 |     2 ||     8
       Invisible         |       |       |       |     2 |       |     6 |       ||     8
       Distracted        |       |       |       |     1 |     3 |     2 |     1 ||     7
Armor: Leather armour    |    40 |    54 |       |    29 |       |       |       ||   123
       Robe              |       |    59 |   106 |   131 |       |       |       ||   296
       Troll leather arm |       |       |       |    53 |   144 |       |       ||   197
       Ring mail         |       |       |       |    29 |       |       |       ||    29
       Chain mail        |       |       |       |       |   209 |   598 |   330 ||  1137
       Plate armour      |       |       |       |       |   440 |       |       ||   440
Dodge: Dodged            |    75 |   219 |   206 |  1038 |  1238 |  1019 |   702 ||  4497
Block: Kite shield       |       |       |   140 |    37 |   656 |  1332 |   959 ||  3124
       Rpst.: Long sword |    14 |    47 |       |       |    70 |    96 |       ||   227
       Scimitar          |       |       |       |       |   205 |       |       ||   205
       Great sword       |       |       |       |       |       |     8 |       ||     8
       Double sword      |       |       |       |       |       |    85 |   117 ||   202
